 Zot Defence DCSS version 0.15.2 (webtiles) character file.

785 Ryushun the Shield-Bearer (level 8, 0/61 HPs)
             Began as a Formicid Fighter on Apr 1, 2015.
             Slain by a troll (8 damage)
             ... in the Realm of Zot (Scenario III: Two or Three?).
             The game lasted 00:08:33 (744 turns).

Ryushun the Shield-Bearer (Formicid Fighter)         Turns: 744, Time: 00:08:33

HP   0/61        AC  7     Str 21      XL: 8   Next: 11%
MP  17/17        EV  7     Int 10      God:
Gold 0           SH 10     Dex 10      Spells:  0 memorised, 12 levels left

rFire  . . .     SeeInvis +     a - +0 war axe
rCold  . . .     Clarity  .     b - +0 scale mail
rNeg   . . .     rCorr    .     c - +0 shield
rPois  .         rRot     .     (helmet unavailable)
rElec  .         Spirit   .     (no cloak)
SustAb .         Warding  .     (no gloves)
rMut   .         Stasis   +     (no boots)
Gourm  .                        (no amulet)
MR     .....                    (no ring)
                                (no ring)

@: glowing, not resistant to hostile enchantments, extremely unstealthy
A: permanent stasis, dig shafts and tunnels, four strong arms, antennae 3
a: Make oklob sapling, Make arrow trap, Make plant, Remove Curse, Make burning
bush, Make altar, Make grenades, Make oklob plant, Make net trap, Dig


You were in the Realm of Zot.
You were not hungry.

You visited 1 branch

Inventory:

Hand weapons
 a - a +0 war axe (weapon)
Missiles
 h - 15 stones (quivered)
Armour
 b - a +0 scale mail (worn)
 c - a +0 shield (worn)
Comestibles
 f - a bread ration
Potions
 d - 2 potions of curing
 e - a potion of might
 g - a potion of heal wounds
 i - 2 potions of magic


   Skills:
 + Level 4.7 Fighting
 * Level 4.0 Axes
 * Level 2.2 Throwing
 + Level 4.9 Armour
 * Level 2.1 Dodging
 + Level 5.2 Shields
 * Level 2.8 Spellcasting


You had 12 spell levels left.
You didn't know any spells.

Dungeon Overview and Level Annotations

Branches:
    Zot (1/1)

Altars:


Innate Abilities, Weirdness & Mutations

Your are under a permanent stasis effect.
You can dig through walls and to a lower floor.
Your four strong arms can wield two-handed weapons with a shield.
You have a pair of large antennae on your head (SInv).


Message History

The splash of acid hits the troll.
The troll writhes in agony as its flesh is eaten away!
Throwing (i - inventory):
h - 16 stones (quivered)
Press: ? - help, Shift-Dir - straight line, f/p - troll
Aim: a troll (heavily wounded, bleeding)
You throw a stone. The stone closely misses the troll.
The stone hits the gnoll but does no damage.
The gnoll is lightly wounded.
Your oklob sapling spits acid at the gnoll shaman.
The splash of acid hits the gnoll shaman.
You slash the troll!
The troll is severely wounded.
The troll bites you.
* * * LOW HITPOINT WARNING * * *
The troll barely misses you. The troll claws you.
* * * LOW HITPOINT WARNING * * *
The troll bites you.
* * * LOW HITPOINT WARNING * * *
The troll closely misses you. The troll claws you!
You die...

▓▓▓▓▓ ▓...▓ ▓▓...▓▓ ▓▓.....▓▓
▓▓▓.......▓▓▓
▓▓▓▓▓.....P)....▓▓▓▓▓
▓▓▓▓▓▓▓.()((()gT@g%%g())..▓▓▓▓▓▓▓
....▓▓...▓▓....)P)..%.▓▓...▓▓....
.....▓..▓▓▓▓▓...P...▓▓▓▓▓..▓.....
.....▓..▓ ▓▓).P..▓▓ ▓..▓.....
.....▓..▓ ▓▓...▓▓ ▓..▓.....
.....▓..▓ ▓...▓ ▓..▓.....
▓....▓..▓ ▓▓.▓▓ ▓..▓....▓
▓▓...▓..▓ ▓.▓ ▓..▓...▓▓
▓▓...▓..▓▓▓▓▓▓▓▓.▓▓▓▓▓▓▓▓..▓...▓▓


You could see a troll (bleeding), 2 gnoll shamans, a gnoll and 4 friendly oklob
saplings.

Vanquished Creatures
  A troll (Zot)
  2 worms (Zot)
  A giant cockroach (Zot)
  3 kobolds (Zot)
  5 oozes (Zot)
  A goblin (Zot)
  3 rats (Zot)
16 creatures vanquished.

Vanquished Creatures (collateral kills)
  A soldier ant (Zot)
  A giant frog (Zot)
  A hound (Zot)
  A gnoll shaman (Zot)
  3 gnolls (Zot)
  A giant mite (Zot)
  2 worms (Zot)
  A giant cockroach (Zot)
  12 goblins (Zot)
  4 hobgoblins (Zot)
  A jackal (Zot)
  2 ball pythons (Zot)
  2 bats (Zot)
  2 giant newts (Zot)
  7 kobolds (Zot)
  4 rats (Zot)
45 creatures vanquished.

Grand Total: 61 creatures vanquished

Notes
Turn   | Place    | Note
--------------------------------------------------------------
     0 | Zot      | Ryushun, the Formicid Fighter, began the quest for the Orb.
     0 | Zot      | Reached XP level 1. HP: 18/18 MP: 1/1
   266 | Zot      | Reached XP level 2. HP: 12/24 MP: 3/3
   289 | Zot      | Reached XP level 3. HP: 14/29 MP: 4/4
   320 | Zot      | Reached skill level 1 in Spellcasting
   377 | Zot      | Reached XP level 4. HP: 16/37 MP: 7/7
   379 | Zot      | Reached skill level 4 in Shields
   397 | Zot      | Reached skill level 1 in Dodging
   453 | Zot      | Noticed Weir
   457 | Zot      | Killed Weir the giant frog
   457 | Zot      | Reached skill level 1 in Throwing
   457 | Zot      | Reached XP level 5. HP: 21/42 MP: 9/9
   541 | Zot      | Reached XP level 6. HP: 29/48 MP: 11/11
   670 | Zot      | Noticed Ybetruz
   684 | Zot      | Killed Ybetruz the soldier ant
   684 | Zot      | Reached XP level 7. HP: 42/55 MP: 12/14
   720 | Zot      | Noticed a troll
   730 | Zot      | Killed a troll
   730 | Zot      | Reached skill level 5 in Shields
   734 | Zot      | Reached XP level 8. HP: 26/61 MP: 15/17
   737 | Zot      | Noticed a troll
   744 | Zot      | Slain by a troll

Action                   |  1- 3 |  4- 6 |  7- 9 || total
-------------------------+-------+-------+-------++-------
Melee: War axe           |    25 |    18 |    10 ||    53
Throw: Stone             |       |       |    11 ||    11
 Abil: Make oklob saplin |     1 |     3 |       ||     4
  Use: Potion            |       |       |     1 ||     1
 Stab: Distracted        |       |     1 |     1 ||     2
